 Dungeon Crawl Stone Soup version 0.21-a0-434-g806c6c2 (webtiles) character file.

28 slep the Magician (level 2, 0/30 HPs)
             Began as a Demonspawn Wanderer on Nov 9, 2017.
             Slain by a jackal (1 damage)
             ... on level 1 of the Dungeon.
             The game lasted 00:03:46 (584 turns).

slep the Magician (Demonspawn Wanderer)              Turns: 584, Time: 00:03:47

Health: 0/30       AC: 21    Str: 16    XL:     2   Next: 96%
Magic:  6/6        EV:  2    Int: 12    God:
Gold:   31         SH:  0    Dex: 16    Spells: 7/8 levels left

rFire    . . .     SeeInvis .   o - +4 whip (flame)
rCold    . . .     Gourm    .   (no shield)
rNeg     + + +     Faith    .   (armour currently unavailable)
rPois    +         Spirit   .   (helmet currently unavailable)
rElec    .         Reflect  .   (cloak currently unavailable)
rCorr    .         Harm     .   (gloves currently unavailable)
MR       .....     NoTele   +   (boots currently unavailable)
Stlth    +++.......             (no amulet)
HPRegen  0.10/turn              (no ring)
MPRegen  0.10/turn              (no ring)

@: agile, tree-form
A: strong 1, rot immunity
a: no special abilities


You were on level 1 of the Dungeon.
You were not hungry.
You were a tree.
You visited 1 branch of the dungeon, and saw 1 of its levels.

You collected 31 gold pieces.

Inventory:

Hand Weapons
 e - a +0 club
 h - a +0 mace
 o - a +4 whip of flaming (weapon)
Armour
 d - a +0 robe (melded)
Scrolls
 j - 5 scrolls of teleportation {unknown}
 k - a scroll of recharging {unknown}
Potions
 m - a potion of mutation
Books
 a - a book of Minor Magic

   Spells                             Type                      Level
   a - Magic Dart                     Conjuration                  1
   b - Blink                          Translocation                2
   c - Call Imp                       Summoning                    2
   d - Slow                           Hexes                        2
   e - Conjure Flame                  Conjuration/Fire             3
   f - Mephitic Cloud                 Conjuration/Poison/Air       3
 b - Kikubaaqudgha's Almanac of Darkness

   Spells                             Type                      Level
   a - Animate Skeleton               Necromancy                   1
   b - Regeneration                   Charms/Necromancy            3
Comestibles
 f - 2 bread rations
 l - 2 fruits
 n - a meat ration


   Skills:
 + Level 0.3 Fighting
 + Level 0.8 Maces & Flails
 + Level 0.1 Dodging
 + Level 1.1 Stealth
 + Level 3.7 Spellcasting
   Level 1.0 Hexes
   Level 1.7 Charms
   Level 1.0 Translocations
   Level 1.0 Ice Magic
   Level 1.0 Evocations


You had 7 spell levels left.
You knew the following spells:

 Your Spells              Type           Power        Failure   Level  Hunger
a - Magic Dart            Conj           #...         22%         1    #......


Dungeon Overview and Level Annotations

Branches:
Dungeon (1/15)

Altars:


Innate Abilities, Weirdness & Mutations

You are immune to rotting.
((Your system is resistant to poisons. (rPois)))
Your muscles are strong. (Str +2)


Message History

* * * LOW HITPOINT WARNING * * *
The ooze hits you.
* * * LOW HITPOINT WARNING * * *
The jackal bites you but does no damage.
You turn into a tree.
Your +0 robe melds into your body.
Your roots penetrate the ground.
The ooze hits you but does no damage. The jackal barely misses you.
It was a potion of mutation.
You feel extremely strange.
You feel resistant to poisons.
You feel stronger. The jackal barely misses you.
The ooze hits you but does no damage.
It was a potion of flight.
Your roots keep you in place.
The jackal barely misses you. The ooze barely misses you.
The jackal bites you but does no damage.
It was a potion of agility.
You feel agile all of a sudden.
The jackal bites you but does no damage.
The ooze hits you.
* * * LOW HITPOINT WARNING * * *
You completely miss the jackal. The jackal bites you.
You die...

########.### ###.# #.#######
....(......# #...# #.......#
#####.#....###.#.#######.###.#
#####..............)......##.####
#.........###'#######'###........
........#.#..⌠...>...⌠..#.#.#####
..#.##...÷#......<......#...# #
..#.###.#.+⌠(...###....⌠+...# #
..##.##.>.#.....♣h......#.#.# #
...†....#.#######J#######.#.# #
#.#######.#...JJhrhsr...#.#.#####
#.# #.#....JrrrJ....#.#....## #.#
#.#.....J.......#.####.## #.#
#.###############.# #.## #.#
#.................# #.## #.#
###.##.#####.###### #.## #.#
#.##.# #.# #.##


You could see 6 oozes, 3 jackals, a giant cockroach and 5 rats.

Vanquished Creatures
  A dart slug (D:1)
  A leopard gecko (D:1)
  2 goblins (D:1)
  3 hobgoblins (D:1)
  5 jackals (D:1)
  3 kobolds (D:1)
  A ball python (D:1)
  2 bats (D:1)
  A frilled lizard (D:1)
  4 rats (D:1)
23 creatures vanquished.

Notes
Turn   | Place    | Note
-------+----------+-------------------------------------------
     0 | D:1      | slep the Demonspawn Wanderer began the quest for the Orb.
     0 | D:1      | slep set off with: a book of Minor Magic, Kikubaaqudgha's Almanac of Darkness, a potion of lignification, a +0 robe, a +0 club, a bread ration
     0 | D:1      | Reached XP level 1. HP: 13/13 MP: 4/4
     2 | D:1      | Learned a level 1 spell: Magic Dart
     3 | D:1      | Found a runed door.
    76 | D:1      | Gained mutation: You are immune to rotting. [demonic ancestry]
    76 | D:1      | Reached XP level 2. HP: 10/19 MP: 0/6
   579 | D:1      | HP: 1/20 [ooze (2)]
   581 | D:1      | Gained mutation: Your system is resistant to poisons. (rPois) [potion of mutation]
   581 | D:1      | Gained mutation: Your muscles are strong. (Str +2) [potion of mutation]
   584 | D:1      | Slain by a jackal

Vault maps used:
D:1:      dpeg_arrival_caged_fury, hangedman_abyss_or_decor_lesser_grid

Action                   || total
-------------------------++-------
Melee: Mace              ||    36
       Whip              ||    13
 Cast: Magic Dart        ||     4
  Use: Potion            ||     4
 Stab: Sleeping          ||     2
Armor: Robe              ||    12
       Skin              ||     4
Dodge: Dodged            ||    30

Table legend:
 A = Spawn XP
 B = Non-spawn XP
 C = Spawn XP percentage of total XP
 D = Spawn monster count
 E = Non-spawn monster count
 F = Spawn count percentage of total count
 G = Total turns spent on level
                    A         B        C        D         E        F      G
               +---------+---------+-------+---------+---------+-------+---------
         Total |       0 |      40 |   0.0 |       0 |      23 |   0.0 |   584
               +---------+---------+-------+---------+---------+-------+---------
           D:1 |       0 |      40 |   0.0 |       0 |      23 |   0.0 |   584
               +---------+---------+-------+---------+---------+-------+---------
